 Dungeon Crawl Stone Soup version 0.29-a0-25-g7f48f510a0 (webtiles) character file.

Game seed: 4736353832849050085

308 ragingrage the Ogre Mage (level 6, 0/53 HPs)
             Began as an Ogre Fire Elementalist on Feb 1, 2022.
             Slain by a scorpion (4 damage)
             ... on level 4 of the Dungeon.
             The game lasted 00:06:08 (4483 turns).

ragingrage the Ogre Mage (Ogre Fire Elementalist)   Turns: 4483, Time: 00:06:08

Health: 0/53       AC:  4    Str: 13    XL:     6   Next: 40%
Magic:  0/12       EV: 10    Int: 18    God:
Gold:   144        SH:  0    Dex: 15    Spells: 4/13 levels left

rFire   . . .      SeeInvis .   l - staff of conjuration
rCold   + . .      Faith    .   (no shield)
rNeg    . . .      Spirit   .   a - +0 robe
rPois   .          Reflect  .   (helmet restricted)
rElec   .          Harm     .   d - +0 cloak
rCorr   .          Rampage  .   (gloves unavailable)
Will    .....                   (boots unavailable)
Stlth   ++........              (no amulet)
HPRegen 0.17/turn               f - +6 ring of dexterity
MPRegen 0.13/turn               g - ring of wizardry

@: brilliant, lethally poisoned (0 -> -5), hasted, unable to read, very quick
A: large, unfitting armour, tough skin 1, horns 1, cold resistance 1, sense
surroundings 1, inability to read while threatened
a: no special abilities


You were on level 4 of the Dungeon.
You visited 1 branch of the dungeon, and saw 4 of its levels.

You collected 144 gold pieces.

Inventory:

Armour
 a - a +0 robe (worn)
 d - a +0 cloak (worn)
Magical Staves
 l - a staff of conjuration (weapon)
Jewellery
 f - a +6 ring of dexterity (left hand)
 g - a ring of wizardry (right hand)
 k - a ring of flight
 s - a ring of fire
Wands
 o - a wand of flame (7)
Scrolls
 b - 2 scrolls of identify {unknown}
 j - a scroll of noise {unknown}
 m - a scroll of blinking {unknown}
 n - a scroll of fear {unknown}
 p - 3 scrolls of enchant weapon {unknown}
 r - a scroll of fog {unknown}
Potions
 e - a potion of haste
 h - a potion of brilliance
 q - a potion of ambrosia {unknown}


   Skills:
 - Level 2.4 Dodging
 - Level 2.0 Stealth
 + Level 4.3 Spellcasting
 + Level 2.9 Conjurations
 + Level 4.0 Fire Magic


You had 4 spell levels left.
You knew the following spells:

 Your Spells              Type           Power      Damage    Failure   Level
a - Foxfire               Conj/Fire      100%       2x1d9     1%          1
b - Scorch                Fire           54%        2d8       1%          2
c - Stone Arrow           Conj/Erth      40%        3d9       10%         3
d - Conjure Flame         Conj/Fire      37%        6-21      4%          3

Your spell library contained the following spells:

 Spells                   Type           Power      Damage    Failure   Level
 Inner Flame              Hex/Fire       16%        N/A       8%          3
 Flame Wave               Conj/Fire      37%        2d9       14%         4
 Animate Armour           Summ/Erth      10%        N/A       47%         4
 Lehudib's Crystal Spear  Conj/Erth      10%        10d4      100%        8


Dungeon Overview and Level Annotations

Branches:
Dungeon (4/15)
 Temple: D:4-7

Altars:


Innate Abilities, Weirdness & Mutations

You are too large for most types of armour.
You have tough skin. (AC +1)
You have a pair of small horns on your head.
Your flesh is cold resistant. (rC+)
You passively map a small area around you.
You sometimes lose the ability to read scrolls when taking damage.


Message History

You feel sick. The scorpion closely misses you.
You hit the scorpion but do no damage.
The scorpion is severely wounded.
You feel sick. The scorpion stings you.
* * * LOW HITPOINT WARNING * * *
The scorpion closely misses you.
You hit the scorpion but do no damage.
The scorpion is heavily wounded.
You feel sick. The scorpion stings you.
* * * LOW HITPOINT WARNING * * *
You feel better. The scorpion stings you.
Unknown command.
It was a potion of haste.
You feel yourself speed up. The scorpion stings you.
* * * LOW HITPOINT WARNING * * *
It was a potion of brilliance.
You feel clever all of a sudden. The scorpion stings you.
* * * LOW HITPOINT WARNING * * *
Casting: Scorch (safe; 1% risk of failure)
Confirm with . or Enter, or press ? or * to list all spells.
You feel a strong surge of power!
You conjure some foxfire!
The scorpion stings you.
* * * LOW HITPOINT WARNING * * *
You are lethally poisoned!
The scorpion poisons you!
* * * LOW HITPOINT WARNING * * *
You feel sick.
The foxfire hits the scorpion.
The scorpion is heavily wounded.
The foxfire hits the scorpion but does no damage.
The scorpion is heavily wounded.
* * * LOW HITPOINT WARNING * * *
You feel sick.
It was a potion of mutation.
You feel extremely strange.
You lose the ability to read scrolls when threatened.
You feel resistant to cold. A pair of horns grows on your head!
You feel a strange attunement to the structure of the dungeons.
* * * LOW HITPOINT WARNING * * *
You feel sick. The scorpion stings you.
You feel threatened and lose the ability to read scrolls!
You die...

, # *.. , * #.
.. .##. ,, *
... , , #)# * ,
, #$### .
#...####### ..#
##.)......#
....##.....@..#
* #..)...§s...#
####...<....# ,
#........#
###....###
#....# , #....#
, .....# ,* ,
.#....#


You could see a scorpion.

Vanquished Creatures
  A water moccasin skeleton (D:2)
  2 orc priests (D:3)
  3 orc wizards
  3 gnolls (D:3)
  An adder (D:2)
  A worm (D:3)
  12 orcs
  6 bats
  13 endoplasms
  2 giant cockroaches
  4 goblins
  3 hobgoblins
  4 jackals (D:3)
  3 quokkas
  8 ball pythons
  2 frilled lizards (D:1)
  3 kobolds
  4 rats
75 creatures vanquished.

Vanquished Creatures (others)
  325 foxfires
325 creatures vanquished.

Grand Total: 400 creatures vanquished

Notes
Turn   | Place    | Note
-------+----------+-------------------------------------------
     0 | D:1      | ragingrage the Ogre Fire Elementalist began the quest for
                  | the Orb.
     0 | D:1      | Reached XP level 1. HP: 16/16 MP: 3/3
   129 | D:1      | Reached skill level 1 in Conjurations
   215 | D:1      | Reached XP level 2. HP: 11/24 MP: 0/5
  1527 | D:2      | Reached XP level 3. HP: 31/31 MP: 1/7
  1809 | D:2      | Reached XP level 4. HP: 37/39 MP: 1/8
  2035 | D:2      | Learned a level 3 spell: Stone Arrow
  2245 | D:2      | Learned a level 2 spell: Scorch
  2249 | D:2      | Learned a level 3 spell: Conjure Flame
  2377 | D:3      | Found a faded altar of an unknown god.
  2720 | D:2      | Reached XP level 5. HP: 39/45 MP: 1/10
  3830 | D:3      | Reached XP level 6. HP: 26/53 MP: 6/12
  4483 | D:4      | Gained mutation: You sometimes lose the ability to read
                  | scrolls when taking damage. [potion of mutation]
  4483 | D:4      | Gained mutation: Your flesh is cold resistant. (rC+)
                  | [potion of mutation]
  4483 | D:4      | Gained mutation: You have a pair of small horns on your
                  | head. [potion of mutation]
  4483 | D:4      | Gained mutation: You passively map a small area around you.
                  | [potion of mutation]
  4483 | D:4      | Slain by a scorpion

Illustrated notes

Levels and vault maps discovered:
D:1:      amcnicky_arrival_choice, layout_basic, chequers_arboretum,
          minmay_octomino_c4
D:2:      layout_loops_corners
D:3:      layout_rooms, ebering_ecumenical_altar_rust, corner_web_ring,
          kennysheep_generic_room_4
D:4:      layout_rooms, serial_rivers, chequers_serial_rivers_micro_a,
          chequers_serial_rivers_micro_c, chequers_serial_rivers_room_b,
          chequers_serial_rivers_small_a, chequers_serial_rivers_micro_a,
          minmay_ogre_servants, uniq_robin, uniq_sigmund

Skill      XL: |  1  2  3  4  5  6 |
---------------+-------------------+-----
Conjurations   | 1 2 |  2.9
Dodging        | 2 |  2.4
Stealth        | 2 |  2.0
Spellcasting   | 3 4 |  4.3
Fire Magic     | 3 4 |  4.0

Action                   |  1- 3 |  4- 6 || total
-------------------------+-------+-------++-------
Melee: Unarmed           |     2 |       ||     2
       Staff             |     4 |    18 ||    22
 Cast: Foxfire           |    62 |   141 ||   203
       Scorch            |       |     8 ||     8
       Stone Arrow       |       |     1 ||     1
  Use: Potion            |       |     6 ||     6
Armor: Robe              |    21 |    19 ||    40
Dodge: Dodged            |    31 |    48 ||    79

Table legend: (Time is in decaauts)
 A = Elapsed time spent in this place.
 B = Non-inter-level travel time spent in this place.
 C = Inter-level travel time spent in this place.
 D = Time resting spent in this place.
 E = Time spent auto-exploring this place.
 F = Levels seen in this place.
 G = Mean time per level.
                   A        B        C        D        E       F      G
               +--------+--------+--------+--------+--------+-----+--------+
         Total |   4488 |   4405 |     83 |   1064 |   2636 |   4 | 1122.0 |
       Dungeon |   4488 |   4405 |     83 |   1064 |   2636 |   4 | 1122.0 |
               +--------+--------+--------+--------+--------+-----+--------+

Top non-repeatable levels by time:
     D:2: 1991 daAuts
     D:1: 1579 daAuts
     D:3: 830 daAuts
     D:4: 87 daAuts
